Description

weee

Replay - Vs Terran

Build Order

Get SALT Encoding   

  12  0:01  Drone  
  13  0:12  Overlord  
  13  0:17  Drone  
  14  0:30  Drone x3  
  17  0:48  Spawning Pool  
  17  0:49  Drone  
  17  0:57  Drone  
  18  1:15  Hatchery  
  18  1:16  Extractor  
  16  1:19  Drone x2  
  18  1:28  Drone  
  19  1:36  Queen  
  21  1:42  Drone  
  22  1:51  Overlord  
  22  1:58  Roach Warren  
  21  2:03  Drone  
  22  2:11  Queen  
  22  2:13  Drone  
  25  2:22  Drone  
  26  2:27  Drone  
  26  2:28  Queen  
  29  2:36  Overlord  
  29  2:39  Drone  
  30  2:46  Drone x3  
  33  2:54  Overlord  
  34  2:58  Drone x2  
  35  3:07  Lair  
  35  3:09  Drone x2  
  36  3:17  Drone x4  
  40  3:23  Drone x3  
  44  3:28  Drone  
  45  3:36  Overlord  
  45  3:42  Extractor x3  
  45  3:45  Roach x2  
  46  3:49  Overlord  
  46  3:51  Drone x6  
  51  3:58  Drone x2  
  54  4:07  Spire  
  53  4:15  Glial Reconstitution  
  53  4:18  Drone  
  53  4:23  Drone x2  
  56  4:26  Evolution Chamber x2, Spore Crawler x2  
  56  4:29  Drone x2  
  53  4:34  Drone x2  
  56  4:39  Overlord  
  56  4:41  Roach  
  58  4:45  Overlord  
  58  4:51  Overlord  
  58  4:56  Zerg Missile Weapons Level 1  
  58  4:57  Zerg Ground Armor Level 1  
  58  5:03  Roach x2  
  62  5:09  Roach x3  
  68  5:19  Corruptor x2  
  72  5:33  Roach x3  
  72  5:34  Hatchery  
  75  5:40  Overlord  
  75  5:42  Roach  
  79  5:48  Roach x2  
  83  5:52  Overlord  
  83  5:59  Overlord  
  83  6:01  Roach x3  
  89  6:04  Ravager x5  
  94  6:14  Roach x4  
  102  6:29  Roach x6  
  114  6:38  Roach x3  
  116  6:52  Drone x6  
Spawning Tool Build Advisor. Get it on Overwolf

Go to:

Details

  • Created by: huskaemaciyape
  • Published on: Dec 10, 2020
  • Modified on: Dec 10, 2020
  • Patch: 4.11.0
  • Difficulty: Medium
Show
View Real Time Build Order
Export as new Build Order

Comments (0)

There are no comments. Be the first!

Create an account to comment!